 Dungeon Sprint DCSS version 0.23.0 (webtiles) character file.

Game seed: 15514405874760599289

216800000 Fang the Conqueror (level 27, -2/224 HPs)
             Began as a Demonspawn Gladiator on Feb 13, 2019.
             Was the Champion of Makhleb.
             Slain by an Executioner (9 damage)
             ... in the Dungeon (Sprint VIII: "Arena of Blood").
             The game lasted 00:15:20 (2168 turns).

Fang the Conqueror (Demonspawn Gladiator)           Turns: 2168, Time: 00:15:21

Health: -2/224     AC:  6    Str: 26    XL:     27
Magic:  0/54       EV: 32    Int: 11    God:    Makhleb [******]
Gold:   0          SH:  0    Dex: 15    Spells: 80/80 levels left

rFire    + . .     SeeInvis +   l - +∞ Axe of Woe
rCold    . . .     Gourm    .   (shield currently unavailable)
rNeg     . . .     Faith    .   b - +0 leather armour
rPois    .         Spirit   +   (helmet unavailable)
rElec    .         Reflect  .   (no cloak)
rCorr    .         Harm     .   (gloves unavailable)
MR       ++...     NoTele   +   (boots unavailable)
Stlth    ++++......             (no amulet)
HPRegen  0.47/turn              y - ring of see invisible
MPRegen  0.68/turn              B - +27000 ring of slaying

@: no status effects
A: claws 3, horns 3, talons 3, fire resistance 1, hurl damnation, frail 1,
nightstalker 3, magic shield, magic regeneration, magic link, flame cloud
immunity
0: Orb of Zot
a: Hurl Damnation, Minor Destruction, Lesser Servant of Makhleb, Major
Destruction, Greater Servant of Makhleb, Renounce Religion


You were in the Dungeon.
You worshipped Makhleb.
Makhleb was exalted by your worship.
You were not hungry.

You visited 1 branch

Inventory:

Hand Weapons
 a - a +0 war axe
 l - the +∞ Axe of Woe (weapon)
   (You found it in the Dungeon)
Missiles
 d - 3 throwing nets (quivered)
Armour
 b - a +0 leather armour (worn)
 c - a +0 helmet
Jewellery
 m - a +30 ring of slaying
 n - a +30 ring of slaying
 o - a +30 ring of slaying
 p - a +30 ring of slaying
 q - a +30 ring of slaying
 r - a +30 ring of slaying
 s - a +30 ring of slaying
 t - a +30 ring of slaying
 u - a +30 ring of slaying
 v - a +30 ring of slaying
 w - a +30 ring of slaying
 x - a +30 ring of slaying
 y - a ring of see invisible (left claw)
 z - an uncursed ring of protection from fire
 B - a +27000 ring of slaying (right claw)
Scrolls
 k - a scroll of blinking
Potions
 e - a potion of curing
 g - a potion of heal wounds
 h - a potion of haste
 i - 2 potions of magic
 j - a potion of berserk rage
Comestibles
 f - a ration
 A - 2 chunks of flesh


   Skills:
 O Level 27 Fighting
 O Level 27 Short Blades
 O Level 27 Long Blades
 O Level 27 Axes
 O Level 27 Maces & Flails
 O Level 27 Polearms
 O Level 27 Staves
 O Level 27 Slings
 O Level 27 Bows
 O Level 27 Crossbows
 O Level 27 Throwing
 O Level 27 Armour
 O Level 27 Dodging
 O Level 27 Stealth
 O Level 27 Shields
 O Level 27 Unarmed Combat
 O Level 27 Spellcasting
 O Level 27 Conjurations
 O Level 27 Hexes
 O Level 27 Charms
 O Level 27 Summonings
 O Level 27 Necromancy
 O Level 27 Translocations
 O Level 27 Transmutations
 O Level 27 Fire Magic
 O Level 27 Ice Magic
 O Level 27 Air Magic
 O Level 27 Earth Magic
 O Level 27 Poison Magic
 O Level 27 Invocations
 O Level 27 Evocations


You had 80 spell levels left.
You didn't know any spells.
Your spell library was empty.

Dungeon Overview and Level Annotations

Branches:
Dungeon (1/1)

Altars:
Makhleb


Innate Abilities, Weirdness & Mutations

You have claws for hands.
You have a pair of large horns on your head.
You have claws for feet.
Your flesh is heat resistant. (rF+)
You can hurl damnation.
You are completely attuned to the shadows.
When hurt, damage is shared between your health and your magic reserves.
You regenerate magic rapidly.
When low on magic, you restore magic in place of health.
You are immune to clouds of flame.
You are frail. (-10% HP)


Message History

The Executioner hits you!
* * * LOW HITPOINT WARNING * * *
The Executioner completely misses you. The Executioner hits you.
* * * LOW HITPOINT WARNING * * *
The Executioner completely misses you. x2; The Executioner closely misses you.
Ladghaet hits you.
* * * LOW HITPOINT WARNING * * *
A starcursed mass splits.
The Executioner hits you!
* * * LOW HITPOINT WARNING * * *
The Executioner misses you. The Executioner hits you.
* * * LOW HITPOINT WARNING * * *
A starcursed mass splits.
The hellwing completely misses you. x2
Ladghaet gestures.
The Ice Fiend claws you!
* * * LOW HITPOINT WARNING * * *
The Ice Fiend freezes you!!
* * * LOW HITPOINT WARNING * * *
The Ice Fiend closely misses you. The Executioner hits you!
You die...

....)))#...))..)_....)..)).......
.....#)..).).#)....#.........#...
###........))#_.<._#..)..........
#...)#....)))#.....#).....#...#.A
.......#..)..))._......).)..)....
....).......)).###X.......)#...#.
..........###...X.X.###))........
............#..1&4XX#............
.......)....#..1@XX.#.........)..
...#.........)..XX2..............
..#.#.#......).)........#...#....
...#.#.......).))......#....#....
..#.#.#.)....))))....##.....#....
...#.#.....#........#......#....#
....................#...###....#.
.##.......##.#...............#...
..##.............................


You could see Ladghaet, 9 starcursed masses, an Ice Fiend, a lorocyproca
(invisible), an Executioner and a hellwing.

Vanquished Creatures
  143 orcs (D)
  5 pandemonium lords (D)
  A profane servitor (D)
  A Brimstone Fiend (D)
  2 Hell Sentinels (D)
  12 Orb Guardians (D)
  3 Ice Fiends (D)
  3 liches (D)
  2 Executioners (D)
  A daeva (D)
  7 balrugs (D)
  A cacodemon (D)
  An angel (D)
  A reaper (D)
  2 black suns (D)
  4 lorocyprocas (D)
  A blizzard demon (D)
  2 green deaths (D)
  A great orb of eyes (D)
  A rakshasa (D)
  7 hell beasts (D)
  3 hell hogs (D)
  5 soul eaters (D)
  10 sun demons (D)
  2 sixfirhies (D)
  A cherub (D)
  5 large abominations (D)
  3 shadow demons (D)
  2 infernal demonspawn (D)
  A rust devil (D)
  A smoke demon (D)
  A hellion (D)
  3 tormentors (D)
  7 red devils (D)
  3 ynoxinuls (D)
  2 chaos spawn (D)
  3 golden eyes (D)
  A neqoxec (D)
  5 hell hounds (D)
  A white imp (D)
  Dispater (D)
  4 vampire knights (D)
  24 ogres (D)
  6 two-headed ogres (D)
295 creatures vanquished.

Notes
Turn   | Place    | Note
-------+----------+-------------------------------------------
     0 | D        | Found the +∞ Axe of Woe
     0 | D        | Fang the Demonspawn Gladiator began the quest for the Orb.
     0 | D        | Reached XP level 1. HP: 16/16 MP: 1/1
     2 | D        | Noticed a bag of meat
     4 | D        | Became a worshipper of Makhleb the Destroyer
     6 | D        | Noticed a bag of meat
     9 | D        | Noticed a bag of meat
    11 | D        | Noticed a bag of meat
    13 | D        | Noticed a bag of meat
    14 | D        | Noticed a bag of meat
    15 | D        | Killed a bag of meat
    15 | D        | Gained mutation: When hurt, damage is shared between your
                  | health and your magic reserves. [demonic ancestry]
    15 | D        | Reached XP level 2. HP: 43/43 MP: 2/2
    15 | D        | Reached XP level 3. HP: 49/49 MP: 3/3
    15 | D        | Reached XP level 4. HP: 56/56 MP: 4/4
    15 | D        | Gained mutation: You have sharp fingernails. [demonic
                  | ancestry]
    15 | D        | Reached XP level 5. HP: 62/62 MP: 5/5
    15 | D        | Gained mutation: You have a pair of small horns on your
                  | head. [demonic ancestry]
    15 | D        | Reached XP level 6. HP: 69/69 MP: 6/6
    15 | D        | Gained mutation: You have very sharp fingernails. [demonic
                  | ancestry]
    15 | D        | Reached XP level 7. HP: 75/75 MP: 7/7
    15 | D        | Gained mutation: You are slightly more attuned to the
                  | shadows. [demonic ancestry]
    15 | D        | Reached XP level 8. HP: 82/82 MP: 8/8
    15 | D        | Gained mutation: You have sharp toenails. [demonic
                  | ancestry]
    15 | D        | Reached XP level 9. HP: 88/88 MP: 9/9
    15 | D        | Gained mutation: You have razor-sharp toenails. [demonic
                  | ancestry]
    15 | D        | Reached XP level 10. HP: 95/95 MP: 10/10
    15 | D        | Reached XP level 11. HP: 101/101 MP: 11/11
    15 | D        | Noticed a bag of meat
    17 | D        | Killed a bag of meat
    17 | D        | Reached * piety under Makhleb
    17 | D        | Reached skill level 15 in Axes
    17 | D        | Reached skill level 15 in Throwing
    17 | D        | Reached skill level 15 in Dodging
    17 | D        | Gained mutation: You have claws for feet. [demonic
                  | ancestry]
    17 | D        | Reached XP level 12. HP: 89/113 MP: 8/12
    18 | D        | Killed a bag of meat
    18 | D        | Gained mutation: You regenerate magic rapidly. [demonic
                  | ancestry]
    18 | D        | Reached XP level 13. HP: 122/122 MP: 8/13
    18 | D        | Noticed a meat berserker
    18 | D        | Noticed a bag of meat
    19 | D        | Killed a bag of meat
    19 | D        | Reached XP level 14. HP: 133/133 MP: 8/14
    20 | D        | Killed a bag of meat
    20 | D        | Reached ** piety under Makhleb
    20 | D        | Noticed a bag of meat
    22 | D        | Killed a bag of meat
    22 | D        | Gained mutation: You have a pair of horns on your head.
                  | [demonic ancestry]
    22 | D        | Reached XP level 15. HP: 144/144 MP: 9/15
    22 | D        | Killed a meat berserker
    22 | D        | Noticed a meat berserker
    22 | D        | Noticed a meat berserker
    23 | D        | Reached *** piety under Makhleb
    23 | D        | Gained mutation: You have claws for hands. [demonic
                  | ancestry]
    23 | D        | Reached XP level 16. HP: 157/157 MP: 9/16
    23 | D        | Noticed a meat berserker
    26 | D        | Killed a meat berserker
    26 | D        | Reached **** piety under Makhleb
    26 | D        | Gained mutation: You are significantly more attuned to the
                  | shadows. [demonic ancestry]
    26 | D        | Reached XP level 17. HP: 171/171 MP: 10/17
    27 | D        | Killed a meat berserker
    27 | D        | Reached skill level 27 in Fighting
    28 | D        | Killed a meat berserker
    28 | D        | Reached skill level 27 in Axes
    28 | D        | Reached skill level 27 in Dodging
    28 | D        | Gained mutation: You have a pair of large horns on your
                  | head. [demonic ancestry]
    28 | D        | Reached XP level 18. HP: 182/182 MP: 10/18
    30 | D        | Reached skill level 27 in Throwing
    30 | D        | Reached ***** piety under Makhleb
    30 | D        | Reached XP level 19. HP: 189/189 MP: 7/19
    30 | D        | Noticed a meat berserker
    34 | D        | Killed a meat berserker
    34 | D        | Reached skill level 10 in Armour
    34 | D        | Reached skill level 10 in Spellcasting
    34 | D        | Noticed a destroyer
    36 | D        | Reached skill level 15 in Stealth
    36 | D        | Reached XP level 20. HP: 197/197 MP: 6/38
    37 | D        | Reached skill level 15 in Armour
    37 | D        | Reached skill level 15 in Spellcasting
    39 | D        | Killed a destroyer
    39 | D        | Reached ****** piety under Makhleb
    67 | D        | Noticed a meat berserker
    68 | D        | Noticed a meat berserker
    68 | D        | Noticed a meat berserker
    68 | D        | Noticed a large bag of meat
    70 | D        | Killed a meat berserker
    70 | D        | Reached skill level 27 in Unarmed Combat
    70 | D        | Gained mutation: You are completely attuned to the shadows.
                  | [demonic ancestry]
    70 | D        | Reached XP level 21. HP: 204/204 MP: 24/44
    71 | D        | Reached skill level 27 in Invocations
    74 | D        | Gained mutation: Your flesh is heat resistant. (rF+)
                  | [demonic ancestry]
    74 | D        | Reached XP level 22. HP: 107/212 MP: 8/50
    74 | D        | Killed a large bag of meat
    74 | D        | Reached skill level 27 in Stealth
    74 | D        | Noticed a destroyer
    76 | D        | Reached skill level 27 in Armour
    76 | D        | Reached skill level 27 in Spellcasting
    78 | D        | Killed a destroyer
    78 | D        | Gained mutation: When low on magic, you restore magic in
                  | place of health. [demonic ancestry]
    78 | D        | Reached XP level 23. HP: 206/219 MP: 7/54
   146 | D        | Gained mutation: You are immune to clouds of flame.
                  | [demonic ancestry]
   146 | D        | Reached XP level 24. HP: 168/227 MP: 15/54
   149 | D        | Gained mutation: You can hurl damnation. [demonic ancestry]
   149 | D        | Reached XP level 25. HP: 234/234 MP: 16/54
   161 | D        | Reached XP level 26. HP: 242/242 MP: 17/54
   163 | D        | Noticed a large bag of meat
   168 | D        | Reached XP level 27. HP: 249/249 MP: 22/54
   169 | D        | Killed a large bag of meat
   172 | D        | Noticed a large bag of meat
   178 | D        | Noticed a destroyer
   179 | D        | Killed a large bag of meat
   179 | D        | Noticed a large bag of meat
   185 | D        | Killed a destroyer
   186 | D        | Killed a large bag of meat
   259 | D        | Noticed a destroyer
   261 | D        | Noticed a large bag of meat
   262 | D        | Killed a destroyer
   266 | D        | Killed a large bag of meat
   286 | D        | Noticed The Meatlord
   288 | D        | Noticed a large bag of meat
   290 | D        | Killed The Meatlord
   291 | D        | Got the Orb of Zot
   295 | D        | Killed a large bag of meat
   510 | D        | Noticed Cammipos the pandemonium lord
   514 | D        | Killed Cammipos the pandemonium lord
   571 | D        | Noticed Evuawi Idyro the pandemonium lord
   574 | D        | Killed Evuawi Idyro the pandemonium lord
   709 | D        | Noticed Panig the pandemonium lord
   711 | D        | Killed Panig the pandemonium lord
  1235 | D        | Paralysed by a great orb of eyes for 4 turns
  1314 | D        | Noticed Doxoanem the pandemonium lord
  1318 | D        | Killed Doxoanem the pandemonium lord
  1638 | D        | Gained mutation: You are frail. (-10% HP) [a neqoxec]
  2025 | D        | Noticed Ibaluoti the pandemonium lord
  2030 | D        | Killed Ibaluoti the pandemonium lord
  2133 | D        | Reached skill level 27 in Short Blades
  2133 | D        | Reached skill level 27 in Long Blades
  2133 | D        | Reached skill level 27 in Maces & Flails
  2133 | D        | Reached skill level 27 in Polearms
  2133 | D        | Reached skill level 27 in Staves
  2133 | D        | Reached skill level 27 in Slings
  2133 | D        | Reached skill level 27 in Bows
  2133 | D        | Reached skill level 27 in Crossbows
  2133 | D        | Reached skill level 27 in Shields
  2133 | D        | Reached skill level 27 in Conjurations
  2133 | D        | Reached skill level 27 in Hexes
  2133 | D        | Reached skill level 27 in Charms
  2133 | D        | Reached skill level 27 in Summonings
  2133 | D        | Reached skill level 27 in Necromancy
  2133 | D        | Reached skill level 27 in Translocations
  2133 | D        | Reached skill level 27 in Transmutations
  2133 | D        | Reached skill level 27 in Fire Magic
  2133 | D        | Reached skill level 27 in Ice Magic
  2133 | D        | Reached skill level 27 in Air Magic
  2133 | D        | Reached skill level 27 in Earth Magic
  2133 | D        | Reached skill level 27 in Poison Magic
  2133 | D        | Reached skill level 27 in Evocations
  2158 | D        | Noticed Ladghaet the pandemonium lord
  2167 | D        | HP: 7/224 [Ice Fiend[Ladghaet] (20)]
  2168 | D        | Slain by an Executioner

Skill      XL: |  1  2  3  4  5  6  7  8  9 10 11 12 13 14 15 16 17 18 19 20 21 22 23 24 25 26 27 |
---------------+----------------------------------------------------------------------------------+-----
Fighting       | 14 16 18 19 21 23 26 27 | 27.0
Axes           | 13 15 17 18 19 22 24 27 | 27.0
Throwing       | 13 15 16 18 19 21 24 26 27 | 27.0
Dodging        | 13 15 17 18 19 22 24 27 | 27.0
Unarmed Combat | 21 24 27 | 27.0
Armour         | 14 19 24 27 | 27.0
Stealth        | 15 21 25 27 | 27.0
Spellcasting   | 14 19 24 27 | 27.0
Invocations    | 19 26 27 | 27.0
Short Blades   | 27 | 27.0
Long Blades    | 27 | 27.0
Maces & Flails | 27 | 27.0
Polearms       | 27 | 27.0
Staves         | 27 | 27.0
Slings         | 27 | 27.0
Bows           | 27 | 27.0
Crossbows      | 27 | 27.0
Shields        | 27 | 27.0
Conjurations   | 27 | 27.0
Hexes          | 27 | 27.0
Charms         | 27 | 27.0
Summonings     | 27 | 27.0
Necromancy     | 27 | 27.0
Translocations | 27 | 27.0
Transmutations | 27 | 27.0
Fire Magic     | 27 | 27.0
Ice Magic      | 27 | 27.0
Air Magic      | 27 | 27.0
Earth Magic    | 27 | 27.0
Poison Magic   | 27 | 27.0
Evocations     | 27 | 27.0

Action                   |  1- 3 |  4- 6 |  7- 9 | 10-12 | 13-15 | 16-18 | 19-21 | 22-24 | 25-27 || total
-------------------------+-------+-------+-------+-------+-------+-------+-------+-------+-------++-------
Melee: Executioner's axe |     1 |       |       |     2 |     4 |     6 |    11 |     7 |   181 ||   212
Throw: Throwing net      |       |       |       |       |       |       |       |       |     1 ||     1
 Abil: Hurl Damnation    |       |       |       |       |       |       |       |       |     1 ||     1
 Stab: Distracted        |       |       |       |       |       |       |       |       |     1 ||     1
       Held in net/web   |       |       |       |       |       |       |       |       |     1 ||     1
  Eat: Chunk             |       |       |       |       |       |       |       |       |     4 ||     4
Armor: Leather armour    |       |       |       |       |       |       |       |       |    20 ||    20
Dodge: Dodged            |       |       |       |       |     1 |     1 |     1 |     2 |   214 ||   219
